 Dungeon Crawl Stone Soup version 0.20-a0-731-gecde0bf (webtiles) character file.

75 KristoblXynda the Shield-Bearer (level 4, 0/28 HPs)
             Began as a Gargoyle Fighter on Feb 22, 2017.
             Slain by a gnoll
             ... wielding a +0 halberd
              (2 damage)
             ... on level 2 of the Dungeon.
             The game lasted 00:02:37 (1171 turns).

KristoblXynda the Shield-Bearer (Gargoyle Fighter)  Turns: 1171, Time: 00:02:37

Health: 0/28       AC: 10    Str: 19    XL:     4   Next: 31%
Magic:  4/4        EV:  7    Int: 10    God:
Gold:   29         SH:  9    Dex:  9    Spells: 3/3 levels left

rFire    . . .     SeeInvis .   a - +0 war axe
rCold    . . .     Gourm    .   b - +0 scale mail
rNeg     + . .     Faith    .   c - +0 shield
rPois    ∞         Spirit   .   (no helmet)
rElec    +         Reflect  .   (no cloak)
rCorr    .         Harm     .   (no gloves)
MR       .....                  (no boots)
Stlth    ..........             (no amulet)
Regen    0.1/turn               (no ring)
MPRegen  0.1/turn               (no ring)

@: no status effects
A: negative energy resistance 1, electricity resistance, unbreathing,
petrification resistance, rot immunity, AC +3
a: no special abilities


You were on level 2 of the Dungeon.
You were not hungry.

You visited 1 branch of the dungeon, and saw 2 of its levels.

You collected 29 gold pieces.

Inventory:

Hand Weapons
 a - a +0 war axe (weapon)
Armour
 b - a +0 scale mail (worn)
 c - a +0 shield (worn)
Scrolls
 l - a scroll of random uselessness {unknown}
Potions
 d - a potion of might
 e - a potion of ambrosia
 h - 2 potions of agility
 i - a potion of curing {unknown}
 j - a potion of lignification {unknown}
 m - a potion of brilliance
Comestibles
 f - 2 bread rations
 k - 2 meat rations
 n - 3 chunks of flesh
 o - 2 royal jellies


   Skills:
 - Level 3.2 Fighting
 * Level 3.2 Axes
 - Level 3.4 Armour
 + Level 4.2 Shields


You had 3 spell levels left.
You didn't know any spells.

Dungeon Overview and Level Annotations

Branches:
Dungeon (2/15)

Altars:


Innate Abilities, Weirdness & Mutations

You are resistant to torment.
Your stone body is resilient. (AC +3)
You are immune to poison.
You resist negative energy. (rN+)
You are resistant to electric shocks. (rElec)
You can survive without breathing.
You are immune to petrification.
You are immune to rotting.


Message History

You block the gnoll's attack.
You hit the gnoll.
The gnoll is severely wounded.
You hit the gnoll. You hit the gnoll but do no damage.
You block the gnoll's attack. The gnoll hits you with a spear.
You block the gnoll's attack. The gnoll barely misses you.
You slash the gnoll!
The gnoll is severely wounded.
You hit the gnoll but do no damage. You barely miss the gnoll.
You block the gnoll's attack. The gnoll barely misses you.
The gnoll hits you with a whip. The gnoll completely misses you.
You completely miss the gnoll.
The gnoll is severely wounded.
You barely miss the gnoll. You hit the gnoll but do no damage.
The gnoll barely misses you. The gnoll hits you with a halberd!
* * * LOW HITPOINT WARNING * * *
You block the gnoll's attack. You block the gnoll's attack.
The gnoll hits you from afar with a halberd.
You die...

.. #.##... # ###.##.#
####......#
..........########
.................########
..........####..........#
..........####..........#
.........††.............#
#.##.#.###......@.......#
#.#..#.# ####.g.g.......#
#.g.##.# ##..g.†.......#
...##..# #...#.<.....###
...##)#####..##......##
##.##.##.....#.).....##
##.##.#...............#
..............((......#
......................#


You could see 3 gnolls.

Vanquished Creatures
  A gnoll (D:2)
  2 adders (D:2)
  A worm (D:2)
  2 dart slugs
  A leopard gecko (D:2)
  A giant cockroach (D:2)
  3 goblins (D:1)
  10 hobgoblins
  6 kobolds
  2 bats (D:2)
  10 frilled lizards
  4 rats
43 creatures vanquished.

Notes
Turn   | Place    | Note
-------+----------+-------------------------------------------
     0 | D:1      | KristoblXynda the Gargoyle Fighter began the quest for the Orb.
     0 | D:1      | Reached XP level 1. HP: 14/14 MP: 1/1
    98 | D:1      | Reached XP level 2. HP: 19/19 MP: 2/2
   366 | D:1      | Reached XP level 3. HP: 23/23 MP: 3/3
   923 | D:2      | Reached skill level 4 in Shields
  1065 | D:2      | Reached XP level 4. HP: 22/28 MP: 4/4
  1170 | D:2      | HP: 1/28 [gnoll/halberd (8)]
  1171 | D:2      | Slain by a gnoll

Vault maps used:
D:1:      lightli_arrival_chessboard, minmay_lizard_pond

Skill      XL: |  1  2  3 |
---------------+----------+-----
Axes           | 2 3 |  3.2
Shields        | 4 |  4.2
Fighting       | |  3.2
Armour         | |  3.4

Action                   |  1- 3 |  4- 6 || total
-------------------------+-------+-------++-------
Melee: War axe           |   170 |    31 ||   201
  Use: Scroll            |       |     3 ||     3
  Eat: Chunk             |     1 |       ||     1
Armor: Scale mail        |   118 |    52 ||   170
Dodge: Dodged            |    74 |    34 ||   108
Block: Shield            |   117 |    51 ||   168
